 Dungeon Crawl Stone Soup version 0.25-a0-340-ga1faa1601d (webtiles) character file.

Game seed: 13313308287312303632, levelgen mode: classic

117 Borgoz the Covered (level 5, 0/33 HPs)
             Began as a Gargoyle Fighter on Dec 29, 2019.
             Killed by divine providence
             ... invoked by an orc priest
              (14 damage)
             ... on level 3 of the Dungeon.
             The game lasted 00:02:02 (2004 turns).

Borgoz the Covered (Gargoyle Fighter)               Turns: 2004, Time: 00:02:03

Health: 0/33       AC: 11    Str: 24    XL:     5   Next: 1%
Magic:  5/5        EV:  7    Int:  9    God:
Gold:   101        SH:  9    Dex: 10    Spells: 4/4 levels left

rFire    . . .     SeeInvis .   a - +0 long sword
rCold    . . .     Gourm    .   c - +0 shield
rNeg     + . .     Faith    .   b - +0 scale mail
rPois    ∞         Spirit   .   (no helmet)
rElec    +         Reflect  .   (no cloak)
rCorr    .         Harm     +   (no gloves)
MR       .....     Rnd*Tele +   (no boots)
Stlth    ..........             n - amulet of harm
HPRegen  0.11/turn              u - ring of teleportation (curse)
MPRegen  0.09/turn              (no ring)

@: mighty
A: negative energy resistance 1, electricity resistance, unbreathing,
petrification resistance, rot immunity, AC +4
a: no special abilities


You were on level 3 of the Dungeon.
You were not hungry.

You visited 1 branch of the dungeon, and saw 3 of its levels.

You collected 101 gold pieces.

Inventory:

Hand Weapons
 a - a +0 long sword (weapon)
Armour
 b - a +0 scale mail (worn)
 c - a +0 shield (worn)
Jewellery
 g - a +5 amulet of reflection
 n - an amulet of harm (around neck)
 u - a cursed ring of teleportation (left hand)
Wands
 t - a wand of polymorph (9)
Scrolls
 e - 2 scrolls of remove curse {unknown}
 o - 4 scrolls of identify {unknown}
 q - a scroll of magic mapping {unknown}
 r - a scroll of random uselessness {unknown}
Potions
 h - a potion of haste {unknown}
 i - a potion of magic {unknown}
 j - 3 potions of curing {unknown}
 k - a potion of brilliance {unknown}
 l - a potion of degeneration {unknown}
 m - a potion of heal wounds {unknown}
 p - 2 potions of lignification {unknown}
Comestibles
 f - 4 rations
 s - 7 chunks of flesh


   Skills:
 + Level 4.1 Fighting
 * Level 3.4 Long Blades
 + Level 4.1 Armour
 - Level 3.2 Shields


You had 4 spell levels left.
You didn't know any spells.
Your spell library was empty.

Dungeon Overview and Level Annotations

Branches:
Dungeon (3/15)

Altars:
Makhleb
Okawaru
Xom
The Shining One


Innate Abilities, Weirdness & Mutations

You are resistant to torment.
Your stone body is resilient. (AC +4)
You are immune to poison.
You resist negative energy. (rN+)
You are resistant to electric shocks. (rElec)
You can survive without breathing.
You are immune to petrification.
You are immune to rotting.


Message History

You have reached level 5!
The orc priest mumbles some strange prayers to Beogh against you.
Beogh smites you! You block the orc's attack.
You closely miss the orc priest.
The orc priest calls down the wrath of Beogh upon you.
Pain shoots through your body! The orc hits you but does no damage.
You are too injured to fight recklessly!
You are too injured to fight recklessly!
You are too injured to fight recklessly!
Unknown command.
You feel very mighty all of a sudden.
The orc priest hits you but does no damage.
The orc barely misses you.
You riposte.
You slash the orc!
You kill the orc!
You closely miss the orc priest.
The orc priest hits you but does no damage.
You barely miss the orc priest.
The orc priest mumbles some strange prayers to Beogh against you.
Beogh smites you!
You die...

#.# .# .#
..##.##.#
........) #
#........ #.
###.#........
#.##...#......?.
#.....##)o......
##..8..#.@).$....
#..8_8.#.########
####...8..#.#
#.........).#
#.........###
#####.........#
#...#.........#
#...#.........#
#...#####.....#


You could see an orc priest.

Vanquished Creatures
  4 adders
  3 gnolls
  A worm (D:2)
  A dart slug (D:2)
  A leopard gecko (D:2)
  3 orcs (D:3)
  A ball python (D:2)
  A giant cockroach (D:1)
  4 goblins
  6 hobgoblins
  4 jackals (D:2)
  5 bats
  5 frilled lizards
  A jackal skeleton (D:3)
  4 kobolds
  6 rats
50 creatures vanquished.

Notes
Turn   | Place    | Note
-------+----------+-------------------------------------------
     0 | D:1      | Borgoz the Gargoyle Fighter began the quest for the Orb.
     0 | D:1      | Reached XP level 1. HP: 14/14 MP: 1/1
   233 | D:1      | Reached XP level 2. HP: 19/19 MP: 2/2
   314 | D:1      | Found an iron altar of Okawaru.
   576 | D:2      | Reached XP level 3. HP: 23/23 MP: 3/3
   648 | D:2      | Found a glowing golden altar of the Shining One.
   936 | D:2      | Found a shimmering altar of Xom.
  1561 | D:2      | Found a burning altar of Makhleb.
  1572 | D:2      | Reached XP level 4. HP: 26/29 MP: 4/4
  1986 | D:3      | Found a faded altar of an unknown god.
  2000 | D:3      | Reached XP level 5. HP: 26/33 MP: 5/5
  2004 | D:3      | Killed from afar by an orc priest

Levels and vault maps discovered:
D:1:      saegor_arrival_simple_a, layout_rooms, okawaru_ov_weapons_minmay
D:2:      layout_basic, lightli_temple_of_fire, marbit_many_paths,
          xom_butterflies
D:3:      layout_rooms, bloody_trog, chequers_ecumenical_altar_simple,
          grunt_dithmenos_smoke

Skill      XL: |  1  2  3  4 |
---------------+-------------+-----
Long Blades    | 2 3 |  3.4
Fighting       | 4 |  4.1
Armour         | 4 |  4.1
Shields        | |  3.2

Action                   |  1- 3 |  4- 6 || total
-------------------------+-------+-------++-------
Melee: Long sword        |   147 |    36 ||   183
  Use: Scroll            |     1 |       ||     1
       Potion            |       |     1 ||     1
  Eat: Chunk             |     2 |     2 ||     4
Armor: Scale mail        |    72 |    22 ||    94
Dodge: Dodged            |    42 |    17 ||    59
Block: Shield            |    89 |    21 ||   110
       Reflection        |     1 |       ||     1
       Rpst.: Long sword |    10 |     7 ||    17

Table legend:
 A = Non-vault XP
 B = Vault XP
 C = Vault XP percentage of total XP
 D = Non-vault monster count
 E = Vault monster count
 F = Vault count percentage of total count
                 A         B        C        D         E       F
            +---------+---------+-------+---------+---------+-------
      Total |     167 |       1 |   0.6 |      49 |       1 |   2.0
            +---------+---------+-------+---------+---------+-------
        D:1 |      20 |       0 |   0.0 |      16 |       0 |   0.0
        D:2 |     108 |       1 |   0.9 |      26 |       1 |   3.7
        D:3 |      39 |       0 |   0.0 |       7 |       0 |   0.0
            +---------+---------+-------+---------+---------+-------
